Map: Lightshade LE

Players

uwuThermal (uThermal) - Winner!

  • Race: Terran Terran
  • League: Master

MarineLorD

  • Race: Terran Terran
  • League: Master

Event: DreamHack SC2 Masters 2021 Summer

VOD

Have the link to the VOD?

Description

Time

  • Played on: May 29, 2021, 12:09 p.m.
  • Length: 8:37

All games in this series

Show
View Real Time Build Order
Export as new Build Order

uwuThermal Terran - Winner!

Build Orders: Gas First Reaper Expand, Mech 

Get SALT Encoding   

  12  0:00  SCV  
  13  0:12  SCV  
  14  0:17  Supply Depot  
  14  0:24  SCV  
  14  0:27  Refinery  
  15  0:38  SCV  
  16  0:44  Barracks  
  16  0:50  SCV  
  17  1:03  SCV  
  18  1:15  SCV  
  19  1:31  Reaper, Orbital Command  
  20  1:44  Command Center  
  20  1:57  SCV  
  20  2:00  Factory  
  21  2:05  Barracks Reactor  
  21  2:09  SCV  
  22  2:17  Refinery  
  22  2:19  Supply Depot  
  22  2:22  SCV  
  23  2:41  SCV  
  24  2:44  Starport  
  24  2:49  Hellion x2  
  28  2:53  SCV  
  28  2:54  Barracks Tech Lab  
  29  2:58  Orbital Command  
  29  3:05  SCV  
  30  3:10  Hellion  
  32  3:14  Hellion  
  32  3:17  SCV  
  32  3:18  Orbital Command  
  35  3:26  Raven  
  37  3:28  Refinery  
  37  3:33  SCV  
  38  3:40  Factory Tech Lab  
  38  3:41  Supply Depot  
  38  3:43  Marine x2  
  38  3:46  SCV x2  
  42  3:58  SCV x2  
  42  4:01  Marine x2  
  45  4:08  Cyclone  
  48  4:10  SCV x2  
  48  4:11  Supply Depot  
  48  4:15  Raven  
  52  4:19  Marine  
  52  4:20  Marine  
  54  4:27  Supply Depot  
  54  4:33  SCV x2  
  56  4:40  Siege Tank  
  56  4:45  SCV x2  
  61  4:49  Command Center  
  61  4:54  Refinery  
  61  4:57  SCV  
  61  4:58  Raven  
  61  4:59  SCV  
  64  5:03  Supply Depot  
  64  5:04  Marine  
  64  5:05  Marine  
  66  5:09  SCV  
  66  5:11  SCV  
  68  5:21  SCV, Supply Depot  
  68  5:22  Marine  
  68  5:24  Marine  
  68  5:25  SCV, Siege Tank  
  75  5:33  SCV  
  76  5:37  SCV  
  77  5:45  SCV  
  77  5:49  SCV  
  79  5:52  Viking x2  
  79  5:53  Factory  
  79  5:54  Factory  
  79  5:56  Barracks Reactor  
  83  5:58  SCV  
  83  6:00  Siege Tank  
  83  6:01  SCV  
  88  6:10  SCV  
  88  6:11  Refinery  
  89  6:13  SCV  
  89  6:15  Refinery  
  90  6:19  Engineering Bay, Supply Depot  
  90  6:22  SCV, Viking  
  90  6:23  Viking  
  95  6:26  SCV  
  95  6:32  Orbital Command  
  96  6:33  Supply Depot  
  96  6:34  SCV  
  96  6:37  Siege Tank  
  100  6:43  Siege Tank  
  100  6:45  SCV  
  102  6:52  Viking  
  104  6:56  Viking  
  104  6:57  SCV  
  107  7:01  SCV  
  107  7:03  Hellion  
  107  7:05  SCV  
  111  7:12  Siege Tank  
  111  7:13  Supply Depot  
  111  7:18  SCV  
  111  7:21  Sensor Tower  
  111  7:22  SCV  
  113  7:23  Supply Depot, Siege Tank  
  113  7:25  SCV  
  117  7:34  SCV, Viking  
  117  7:36  SCV  
  117  7:42  Hellion x2  
  115  7:44  Siege Tank  
  115  7:45  SCV  
  115  7:49  SCV x2  
  117  7:57  SCV, Siege Tank  
  115  8:00  Viking  
  115  8:02  SCV  
  115  8:04  SCV  
  117  8:06  Armory  
  117  8:08  Armory  
  117  8:11  Hellion  
  117  8:12  Hellion  
  122  8:20  SCV  
Show
View Real Time Build Order
Export as new Build Order

MarineLorD Terran 

Build Orders:  

Get SALT Encoding   

  12  0:00  SCV  
  13  0:12  SCV  
  14  0:17  Supply Depot  
  14  0:24  SCV  
  15  0:38  SCV  
  15  0:40  Barracks  
  16  0:43  Refinery  
  16  0:50  SCV  
  16  0:55  Refinery  
  17  1:03  SCV  
  18  1:15  SCV  
  19  1:27  Reaper, Orbital Command  
  19  1:28  Supply Depot  
  20  1:42  Factory  
  20  1:52  SCV  
  21  1:59  Reaper  
  22  2:04  SCV  
  23  2:16  SCV  
  23  2:22  Command Center  
  24  2:28  Hellion  
  26  2:30  SCV  
  26  2:33  Reaper  
  28  2:40  Supply Depot  
  28  2:42  SCV  
  29  2:49  Hellion  
  31  2:57  Starport  
  31  3:02  SCV  
  32  3:06  Barracks Reactor  
  32  3:10  Factory Tech Lab  
  32  3:14  SCV  
  32  3:18  Refinery  
  33  3:27  SCV  
  33  3:29  Cyclone  
  33  3:33  Viking  
  39  3:36  Orbital Command  
  39  3:42  SCV  
  39  3:44  Marine x2  
  42  3:55  SCV  
  42  4:05  Marine x2  
  42  4:06  SCV  
  42  4:07  SCV  
  45  4:10  Starport Tech Lab  
  45  4:16  Siege Tank  
  48  4:19  SCV  
  48  4:20  Supply Depot  
  48  4:21  SCV  
  50  4:31  SCV  
  53  4:32  Supply Depot  
  53  4:33  Raven  
  53  4:34  SCV  
  54  4:41  Supply Depot  
  54  4:42  Marine x2  
  54  4:43  SCV  
  57  4:48  Siege Tank  
  57  4:51  SCV  
  61  4:55  SCV, Supply Depot  
  62  5:03  SCV, Marine  
  62  5:04  Marine  
  65  5:07  SCV  
  66  5:15  SCV  
  66  5:16  Raven  
  66  5:19  SCV  
  66  5:20  Siege Tank  
  73  5:25  Marine x2  
  75  5:28  SCV, Command Center  
  75  5:31  SCV  
  76  5:38  Refinery  
  76  5:40  SCV  
  76  5:43  SCV  
  76  5:46  Marine x2  
  79  5:50  Supply Depot  
  79  5:52  SCV, Siege Tank  
  79  5:53  Supply Depot  
  79  5:56  SCV  
  84  6:04  Barracks  
  84  6:05  SCV  
  84  6:07  Barracks  
  84  6:08  SCV  
  86  6:11  Viking x2  
  86  6:17  SCV  
  91  6:19  Marine  
  91  6:20  SCV, Stimpack  
  93  6:28  Siege Tank  
  93  6:29  SCV  
  97  6:36  SCV  
  97  6:39  Marine  
  99  6:41  SCV, Viking x2  
  104  6:53  SCV x2  
  106  6:57  Marine  
  106  6:58  Barracks Reactor, Barracks Tech Lab  
  106  6:59  Engineering Bay x2  
  107  7:04  Supply Depot  
  107  7:05  Supply Depot  
  107  7:07  SCV  
  107  7:08  SCV  
  109  7:11  Siege Tank  
  112  7:19  SCV  
  112  7:21  Viking  
  116  7:23  Viking  
  116  7:24  Orbital Command  
  117  7:36  SCV  
  106  7:44  Barracks  
  106  7:46  Barracks  
  106  7:47  Refinery, SCV  
  106  7:48  Refinery, SCV  
  108  7:51  Viking  
  108  7:54  SCV  
  101  7:59  Viking  
  101  8:03  Marauder x2, Marine x2  
  87  8:09  SCV x2  
  87  8:10  SCV  
  86  8:21  SCV x2  
  86  8:22  SCV  
Tags
 
Add a new tag
Caveats
  • Supply blocks, unpowered buildings, or Contaminate may cause inaccurate times.
  • Supply counts are checked every 10 seconds.